 Dungeon Crawl Stone Soup version 0.27.1-33-g824d729ab1 (console) character file.

Game seed: 13560117930058115285

1511 Banquo the Chopper (level 9, -1/62 HPs)
             Began as a Djinni Fighter on Dec 22, 2021.
             Was an Elder of Jiyva.
             Killed by divine providence
             ... invoked by an orc priest
              (15 damage)
             ... on level 9 of the Dungeon.
             The game lasted 00:24:14 (7679 turns).

Banquo the Chopper (Djinni Fighter)                 Turns: 7679, Time: 00:24:15

Health: -1/62      AC: 21    Str: 18    XL:     9   Next: 9%
Gold:   221        EV:  5    Int: 12    God:    Jiyva [****..] SH:  6 Dex:  9

rFire    + + +     SeeInvis +   a - +1 war axe
rCold    . . .     Faith    .   h - +2 buckler
rNeg     . . .     Spirit   .   e - +9 plate armour of the Carpenter {-Tele Rampage rCorr Int-2 SInv}
rPois    ∞         Reflect  .   (helmet restricted)
rElec    .         Harm     .   v - scarf {rC+ rF+}
rCorr    +         Rampage  +   (no gloves)
Will     .....     NoTele   +   (boots unavailable)
Stlth    ..........             (no amulet)
HPRegen  0.20/turn              t - +4 ring of slaying
MPRegen  0.00/turn              s - ring of protection from fire

@: flying
A: sickness immunity, fire resistance 2, cold vulnerability 1, float, innate
caster, hp casting, extra vitality 1, beak, eyeballs 1
a: Renounce Religion, Request Jelly, Slimify


You were on level 9 of the Dungeon.
You worshipped Jiyva.
Jiyva was greatly pleased with you.
You visited 1 branch of the dungeon, and saw 9 of its levels.
You also visited: Sewer.

You collected 221 gold pieces.

Inventory:

Hand Weapons
 a - a +1 war axe (weapon)
 d - a +5 short sword of speed
 p - a +0 spear
Missiles
 i - 9 boomerangs (quivered)
 j - 45 stones
 o - a javelin
 u - 4 boomerangs of dispersal
Armour
 b - a +0 scale mail
 c - a +0 kite shield
 e - the +9 plate armour of the Carpenter (worn) {-Tele Rampage rCorr Int-2 SInv}
   (You acquired it on level 3 of the Dungeon)

   Int:       It affects your intelligence (-2).
   SInv:      It lets you see invisible.
   -Tele:     It prevents most forms of teleportation.
   rCorr:     It protects you from acid and corrosion.
   Rampage:   It bestows one free step when moving towards enemies.
 h - a +2 buckler (worn)
 n - the +3 robe "Kaynt" {rF+}
   (You found it on level 4 of the Dungeon)

   rF:        It protects you from fire.
 q - a +0 helmet
 v - a scarf of resistance (worn)
 x - a +0 kite shield
Jewellery
 s - a ring of protection from fire (right hand)
 t - a +4 ring of slaying (left hand)
Potions
 f - 3 potions of curing
 g - 3 potions of magic
 k - 2 potions of invisibility {unknown}
 l - 2 potions of experience {unknown}
 m - 2 potions of attraction {unknown}
 r - a potion of flight {unknown}
 w - a potion of haste {unknown}


   Skills:
 * Level 4.2 Fighting
 * Level 7.3 Axes
 * Level 5.8 Armour
 * Level 0.2 Dodging
 * Level 3.9 Shields


You couldn't memorise any spells.
You knew the following spells:

 Your Spells              Type           Power      Damage    Failure   Level
a - Magic Dart            Conj           0%         1d3       100%        1
b - Poisonous Vapours     Pois/Air       0%         N/A       100%        2
c - Confusing Touch       Hex            0%         N/A       100%        3
d - Gell's Gravitas       Tloc           0%         N/A       100%        3
Your spell library was empty.


Dungeon Overview and Level Annotations

Branches:
Dungeon (8/15)             Temple (0/1) D:4           Sewer (visited)
   Lair: D:8-11

Altars:
Ashenzari
Cheibriados
Dithmenos
Hepliaklqana
Nemelex Xobeh
Okawaru
Qazlal
Trog
Wu Jian
Yredelemnul
Zin
Jiyva

Shops:
D:1 (   D:3 (   D:5 (

Annotations:
D:4 4 runed translucent doors, Crazy Yiuf; miilacz's ghost, amateur DDBe
D:7 rock vault


Innate Abilities, Weirdness & Mutations

You are immune to sickness and miasma.
You are immune to poison.
Your flesh is very heat resistant. (rF++)
You are vulnerable to cold. (rC-)
You float through the air rather than walking.
You learn spells naturally, not from books.
Your magical power is your life essence.
You have superior vitality. (+4 HP)
You have a beak for a mouth.
Your body has grown golden eyes which may confuse attackers. (Acc +3)


Message History

You kill the orc wizard!
You slash the wyvern! You hit the orc priest.
Your plate armour of the Carpenter prevents you from hitting the orc wizard.
The wyvern barely misses you. You block the orc wizard's attack.
The orc priest calls down the wrath of Beogh upon you.
You resist with significant effort.
The wyvern bites you but does no damage.
You hear a slurping noise.
Jiyva appreciates your sacrifice.
You feel better. Jiyva appreciates your sacrifice.
You feel better.
A thick mucus forms on your +1 war axe.
You will no longer expel jellies when injured.
You can no longer call upon Jiyva to remove your harmful mutations.
Your slime is starting to congeal.
The orc wizard gestures at you while chanting.
The puff of flame hits you but does no damage.
The wyvern bites you!
The orc priest hits you but does no damage.
The endoplasm hits the orc wizard but does no damage.
The wyvern quivers uncontrollably and liquefies into a jelly!
Your hands burn!
* * * LOW HITPOINT WARNING * * *
You closely miss the orc wizard. You completely miss the orc priest.
The orc wizard points at you and mumbles some strange words.
The magic dart hits you.
* * * LOW HITPOINT WARNING * * *
The orc priest hits you with a +0 dagger.
* * * LOW HITPOINT WARNING * * *
An electric eel comes into view.
The orc wizard hits you with a +0 dagger.
* * * LOW HITPOINT WARNING * * *
Unknown command.
You hit the orc priest. You peck the orc priest.
The orc priest is severely wounded.
You hit the orc wizard.
The orc priest mumbles some strange prayers to Beogh against you.
Beogh smites you!
You die...

.$....(.≈..P
.........≈. ≈≈≈
........... ≈≈≈
.......... ≈P≈≈
.........#.P;≈P
.....>...#..≈≈P
......Joo......
#@.......
#J.......
#..#...#. #..#
..# #..# .#
#..# # #..#
#>.# #..#


You could see an electric eel, an orc priest, an orc wizard (invisible), a
neutral jelly (wandering) (fellow slime) and a neutral endoplasm (wandering)
(fellow slime).

Vanquished Creatures
  A wyvern (D:5)
  Duvessa (D:4)
  2 ice beasts (D:5)
  A phantom (D:3)
  A centaur (D:6)
  A lemure (D:6)
  3 bullfrogs
  A scorpion (D:5)
  Dowan (D:4)
  A water moccasin skeleton (D:4)
  A bullfrog zombie (D:6)
  2 hounds (D:5)
  An orc priest (D:6)
  A bullfrog skeleton (D:5)
  2 centaur skeletons
  2 iguanas
  An orc wizard (D:9)
  A hound zombie (D:5)
  Robin (D:4)
  6 adders
  4 gnolls
  A howler monkey skeleton (D:7)
  4 river rats (Sewer)
  2 white imps
  An ufetubus (D:3)
  5 worms
  5 orcs
  13 ball pythons
  5 giant cockroaches
  16 goblins
  9 hobgoblins
  2 jackals (D:2)
  A quokka (D:2)
  7 bats
  6 frilled lizards
  A kobold (D:2)
  17 rats
130 creatures vanquished.

Vanquished Creatures (others)
  Pikel (D:7)
  A water moccasin (D:5)
  A lemure (D:7)
  A bullfrog (D:6)
  A scorpion (D:5)
  A centaur zombie (D:6)
  14 jellies
  A hound (D:5)
  A water moccasin simulacrum (D:4)
  An iguana (D:6)
  A killer bee zombie (D:6)
  A scorpion simulacrum (D:4)
  2 gnolls (D:2)
  2 adders
  3 river rats (Sewer)
  A hound simulacrum (D:4)
  A white imp (D:4)
  2 ufetubi
  2 worms (D:5)
  16 orcs
  7 bats
  2 endoplasms (Sewer)
  A giant cockroach (D:2)
  4 goblins
  7 hobgoblins
  5 ball pythons
  2 frilled lizards (Sewer)
  A jackal simulacrum (D:4)
  A kobold (D:3)
  A quokka simulacrum (D:4)
  13 rats
  6 plants (D:3)
104 creatures vanquished.

Grand Total: 234 creatures vanquished

Notes
Turn   | Place    | Note
-------+----------+-------------------------------------------
     0 | D:1      | Banquo the Djinni Fighter began the quest for the Orb.
     0 | D:1      | Reached XP level 1. HP: 20/20 MP: 0/0
   283 | D:1      | Reached skill level 2 in Axes
   294 | D:1      | Reached XP level 2. HP: 15/25 MP: 0/0
   495 | D:1      | Found a faded altar of an unknown god.
   519 | D:1      | Became a worshipper of Jiyva Juycvat the Shapeless
   519 | D:1      | Reached * piety under Jiyva
   912 | D:1      | Found Qucs's Weapon Shop.
  1132 | D:2      | You are sucked into a shaft and drop 2 floors!
  1142 | D:4      | Reached XP level 3. HP: 30/30 MP: 0/0
  1142 | D:4      | Learned a level 1 spell: Magic Dart
  1193 | D:3      | Identified a scroll of acquirement
  1193 | D:3      | Acquired the +9 plate armour of the Carpenter {-Tele
                  | Rampage rCorr Int-2 SInv}
  1227 | D:3      | Found a large runed translucent door.
  1227 | D:3      | Found a large runed translucent door.
  1304 | D:3      | Found Wovirphaape's Antique Weapon Shop.
  1347 | D:3      | Reached ** piety under Jiyva
  1404 | D:3      | Reached skill level 3 in Axes
  1486 | D:3      | Reached XP level 4. HP: 35/35 MP: 0/0
  1500 | D:3      | Found a glowing drain.
  1509 | Sewer    | Entered a sewer
  1670 | Sewer    | Reached XP level 5. HP: 38/40 MP: 0/0
  1670 | Sewer    | Learned a level 2 spell: Poisonous Vapours
  1897 | Sewer    | Noticed a bullfrog
  1897 | Sewer    | Noticed a bullfrog
  1910 | Sewer    | Killed a bullfrog
  1911 | Sewer    | Reached skill level 4 in Axes
  1911 | Sewer    | Reached XP level 6. HP: 22/46 MP: 0/0
  2335 | D:2      | Reached *** piety under Jiyva
  2531 | D:2      | Found a broken altar of Ashenzari.
  2580 | D:2      | Gained mutation: You have a pair of small horns on your
                  | head. [Jiyva's grace]
  3251 | D:3      | Found a snail-covered altar of Cheibriados.
  3576 | D:3      | Found a broken altar of Ashenzari.
  3580 | D:3      | Found a hazy altar of Hepliaklqana.
  3887 | D:3      | Reached XP level 7. HP: 36/50 MP: 0/0
  3887 | D:3      | Learned a level 3 spell: Confusing Touch
  3980 | D:4      | Noticed miilacz's ghost (amateur DDBe)
  3993 | D:4      | Identified the +3 robe "Kaynt" {rF+}
  4006 | D:4      | Reached skill level 5 in Axes
  4086 | D:4      | Found a runed translucent gate.
  4086 | D:4      | Found a runed translucent gate.
  4086 | D:4      | Found a runed translucent gate.
  4087 | D:4      | Noticed Robin
  4096 | D:4      | Killed Robin
  4171 | D:4      | Noticed Dowan
  4176 | D:4      | Noticed Duvessa
  4187 | D:4      | Killed Duvessa
  4190 | D:4      | Killed Dowan
  4374 | D:4      | Reached **** piety under Jiyva
  4439 | D:4      | Found an iron altar of Okawaru.
  4468 | D:4      | Found a runed translucent door.
  4469 | D:4      | Noticed Crazy Yiuf
  4589 | D:4      | Found a staircase to the Ecumenical Temple.
  4625 | D:4      | Found a stormy altar of Qazlal.
  4736 | D:4      | Gained mutation: You have a beak for a mouth. [Jiyva's
                  | grace]
  5025 | D:5      | Entered Level 5 of the Dungeon
  5025 | D:5      | Found Xefec's Weapon Emporium.
  5083 | D:5      | Reached skill level 6 in Axes
  5083 | D:5      | Reached XP level 8. HP: 58/58 MP: 0/0
  5159 | D:5      | Reached skill level 5 in Armour
  5243 | D:5      | Noticed a wyvern
  5255 | D:5      | Killed a wyvern
  5414 | D:5      | Found an ornate altar of the Wu Jian Council.
  5471 | D:5      | Noticed a moth of wrath
  5500 | D:5      | Found a bloodstained altar of Trog.
  5605 | D:5      | Found a sparkling altar of Nemelex Xobeh.
  5937 | D:6      | Reached skill level 7 in Axes
  6573 | D:6      | Lost mutation: You have a pair of small horns on your head.
                  | [Jiyva's grace]
  6884 | D:7      | Noticed Pikel
  7054 | D:7      | Found a basalt altar of Yredelemnul.
  7072 | D:7      | Reached XP level 9. HP: 60/62 MP: 0/0
  7072 | D:7      | Learned a level 3 spell: Gell's Gravitas
  7192 | D:7      | Found a shadowy altar of Dithmenos.
  7232 | D:7      | Reached ***** piety under Jiyva
  7285 | D:7      | Found a glowing silver altar of Zin.
  7548 | D:7      | Killed Pikel
  7550 | D:7      | Gained mutation: Your body has grown golden eyes which may
                  | confuse attackers. (Acc +3) [Jiyva's grace]
  7670 | D:8      | You are sucked into a shaft and drop 1 floor!
  7679 | D:9      | Killed from afar by an orc priest

Illustrated notes

Levels and vault maps discovered:
D:1:      dpeg_arrival_concentric_ovals, layout_loops_ring, serial_shops, shop,
          hellmonk_ecumenical_altar_pennies_from_heaven, minmay_rat_gold_closets
D:2:      layout_basic, basic_altar, guppyfry_early_orc_mine
D:3:      layout_basic, mainiacjoe_overflow_boulevard, jmf_multi_god_temple2,
          cheibrodos_sewer_entry_bend, serial_shops,
          nicolae_shop_overgrown_old_shop, minmay_increasing_density
D:4:      layout_loops_ring, lemuel_round_altar, lemuel_tele_altar,
          minmay_temple_entry_offerings, gammafunk_ghost_icy, uniq_duvessa,
          uniq_crazy_yiuf_cottage, uniq_robin
D:5:      layout_rooms, nemelex_diamond_rough_becter, nzn_wu_jian_council_hall,
          tgw_trog, nicolae_stop_n_shop_2, st_stairs_3,
          eino_small_chamber_without_monster
D:6:      layout_basic
D:7:      layout_loops_ring, amcnicky_altar_gilded,
          mainiacjoe_overflow_tiny_flanked, nicolae_dithmenos_shadow_blocks,
          serial_glass, glass_columns_a, glass_columns_b,
          minmay_strange_pillars, item_on_display_a, due_unseen_surprise,
          feat_on_display, minmay_misc_feat_encased, uniq_pikel
D:8:      layout_cave_pools, gammafunk_ghost_ooze, nicolae_straight_to_the_point
D:9:      layout_long_grid, elyvilon_altar_4, chequers_big_river, uniq_erica,
          uniq_erolcha, uniq_maggie

Skill      XL: |  1  2  3  4  5  6  7  8 |
---------------+-------------------------+-----
Axes           | 2 3 4 6 7 |  7.3
Armour         | 4 5 |  5.8
Fighting       | 4 |  4.2
Dodging        | |  0.2
Shields        | |  3.9

Action                   |  1- 3 |  4- 6 |  7- 9 || total
-------------------------+-------+-------+-------++-------
Melee: War axe           |   134 |   206 |   173 ||   513
       Headbutt          |       |    13 |    24 ||    37
       Peck              |       |       |    23 ||    23
Invok: Slimify           |       |       |     2 ||     2
  Use: Scroll            |     1 |     3 |     4 ||     8
       Potion            |       |       |     3 ||     3
Armor: Scale mail        |    34 |       |       ||    34
       Plate armour      |    59 |   166 |   137 ||   362
Dodge: Dodged            |    40 |    52 |    45 ||   137
Block: Kite shield       |    46 |       |       ||    46
       Buckler           |    25 |    67 |    54 ||   146
